 Dungeon Crawl Stone Soup version 0.27-a0-1513-g2aaa0cc67b (webtiles) character file.

Game seed: 8614035387492317197

137 blackman the Shield-Bearer (level 5, 0/42 HPs)
             Began as a Human Fighter on July 9, 2021.
             Slain by a river rat (2 damage)
             ... in a sewer.
             The game lasted 00:08:05 (3674 turns).

blackman the Shield-Bearer (Human Fighter)          Turns: 3674, Time: 00:08:05

Health: 0/42       AC:  8    Str: 17    XL:     5   Next: 43%
Magic:  5/5        EV:  7    Int:  9    God:
Gold:   40         SH:  9    Dex: 12    Spells: 4/4 levels left

rFire    . . .     SeeInvis .   a - +0 war axe
rCold    . . .     Faith    .   c - +0 kite shield
rNeg     . . .     Spirit   .   b - +0 scale mail
rPois    .         Reflect  .   (no helmet)
rElec    .         Harm     .   (no cloak)
rCorr    .         Rampage  .   (no gloves)
Will     .....                  e - +0 pair of boots
Stlth    ..........             (no amulet)
HPRegen  0.14/turn              (no ring)
MPRegen  0.09/turn              (no ring)

@: mighty, very slow
A: no striking features
a: no special abilities


You were in a sewer.
You visited 1 branch of the dungeon, and saw 3 of its levels.
You also visited: Sewer.

You collected 40 gold pieces.

Inventory:

Hand Weapons
 a - a +0 war axe (weapon)
 f - a +0 hunting sling
Missiles
 k - 16 poisoned darts (quivered)
Armour
 b - a +0 scale mail (worn)
 c - a +0 kite shield (worn)
 e - a +0 pair of boots (worn)
Scrolls
 g - a scroll of teleportation {unknown}
 i - a scroll of identify {unknown}
 j - a scroll of magic mapping {unknown}
 l - a scroll of vulnerability {unknown}
Potions
 h - a potion of brilliance {unknown}
 m - a potion of curing {unknown}
 n - 3 potions of heal wounds {unknown}
 o - a potion of flight {unknown}


   Skills:
 + Level 3.8 Fighting
 * Level 3.6 Axes
 - Level 3.3 Armour
 + Level 3.8 Shields


You had 4 spell levels left.
You didn't know any spells.
Your spell library contained the following spells:

 Spells                   Type           Power      Damage    Failure   Level
 Portal Projectile        Hex/Tloc       0%         N/A       100%        3
 Blade Hands              Tmut           0%         N/A       100%        5
 Excruciating Wounds      Necr           0%         N/A       100%        5


Dungeon Overview and Level Annotations

Branches:
Dungeon (3/15)              Sewer (1/1)

Altars:
Ashenzari
Dithmenos

Shops:
D:1 (

Annotations:
D:2 Crazy Yiuf, Sigmund


Message History

You are too injured to fight recklessly!
You completely miss the frilled lizard.
The frilled lizard is heavily wounded.
You closely miss the rat. You hit the river rat but do no damage.
You barely miss the river rat. x2; You block the river rat's attack.
The rat bites you but does no damage. The frilled lizard closely misses you.
The river rat barely misses you. You block the river rat's attack. x2
The frilled lizard barely misses you.
The rat splashes around in the water.
Your unstable footing causes you to fumble your attack.
You block the river rat's attack.
The river rat bites you but does no damage.
The river rat closely misses you.
The rat splashes around in the water.
The frilled lizard bites you. You block the river rat's attack.
The river rat bites you but does no damage. x2
You feel very mighty all of a sudden. You block the frilled lizard's attack.
The rat splashes around in the water.
The river rat barely misses you. The river rat closely misses you.
The river rat bites you but does no damage.
Your unstable footing causes you to fumble your attack.
The frilled lizard bites you but does no damage.
The rat bites you but does no damage. You block the rat's attack.
The river rat bites you but does no damage.
The river rat closely misses you. The river rat bites you!
* * * LOW HITPOINT WARNING * * *
The frilled lizard bites you.
* * * LOW HITPOINT WARNING * * *
The rat barely misses you. The rat bites you but does no damage.
You hit the river rat.
You kill the river rat!
You hit the rat.
You kill the rat!
You slash the river rat! You hit the rat.
You kill the rat!
You closely miss the frilled lizard. You slash the river rat!
The river rat barely misses you. You block the frilled lizard's attack.
The river rat bites you but does no damage.
The river rat bites you.
* * * LOW HITPOINT WARNING * * *
The river rat bites you.
You die...

#......≈≈≈≈≈.
##.....≈≈≈≈≈....
##......≈≈≈≈.....
##........≈≈≈.....
##.........≈≈......
#..#......≈≈≈......
#.###......≈≈......
#∩###.....r≈≈......
####.....@lr†...#
##†††..≈r†≈..##
#.......r≈J≈≈##
##.......≈≈r≈..#
#.......≈≈≈≈≈≈....
#.......≈≈≈≈≈.....
#......≈≈≈≈≈≈.....
##....≈≈≈≈≈≈≈.≈...
##...≈≈≈≈≈≈≈≈....


You could see 2 river rats, an endoplasm, a frilled lizard and 3 rats.

Vanquished Creatures
  3 adders
  3 river rats (Sewer)
  2 worms
  7 ball pythons
  3 endoplasms
  5 giant cockroaches
  6 goblins (D:2)
  6 hobgoblins
  5 jackals (D:1)
  7 quokkas
  5 bats
  2 frilled lizards
  8 kobolds
  14 rats
76 creatures vanquished.

Vanquished Creatures (others)
  3 fungi (D:2)
3 creatures vanquished.

Grand Total: 79 creatures vanquished

Notes
Turn   | Place    | Note
-------+----------+-------------------------------------------
     0 | D:1      | blackman the Human Fighter began the quest for the Orb.
     0 | D:1      | Reached XP level 1. HP: 18/18 MP: 1/1
   201 | D:1      | Reached XP level 2. HP: 23/24 MP: 2/2
   309 | D:1      | You fall into a shaft and drop 1 floor!
   312 | D:2      | Noticed Sigmund
   344 | D:1      | Reached XP level 3. HP: 21/29 MP: 3/3
   657 | D:1      | Found Mapy's Weapon Shop.
  1517 | D:2      | Reached XP level 4. HP: 31/35 MP: 4/4
  2117 | D:2      | Found a runed translucent door.
  2118 | D:2      | Noticed Crazy Yiuf
  2895 | D:2      | Found a faded altar of an unknown god.
  3184 | D:3      | Found a broken altar of Ashenzari.
  3341 | D:3      | Found a shadowy altar of Dithmenos.
  3389 | D:3      | Found a glowing drain.
  3401 | Sewer    | Entered a sewer
  3458 | Sewer    | Reached XP level 5. HP: 32/42 MP: 5/5
  3673 | Sewer    | HP: 2/42 [river rat (4)]
  3674 | Sewer    | Slain by a river rat

Illustrated notes

Levels and vault maps discovered:
D:1:      saegor_arrival_simple_b, layout_loops_ring, serial_shops,
          nicolae_diamond_shop
D:2:      cheibrodos_greedy_goblins, layout_basic,
          shapermc_ecumenical_altar_ellora, uniq_crazy_yiuf_cottage,
          uniq_sigmund
D:3:      layout_basic, nicolae_dithmenos_the_darkroom,
          ashenzari_conservatory_becter, lemuel_round_altar,
          portal_sewer_entry_f, st_stairs_13, skrybe_limestone_x
Sewer:    sewer_minmay_treatment

Skill      XL: |  1  2  3  4 |
---------------+-------------+-----
Axes           | 3 |  3.6
Fighting       | |  3.8
Armour         | |  3.3
Shields        | |  3.8

Action                   |  1- 3 |  4- 6 || total
-------------------------+-------+-------++-------
Melee: War axe           |   100 |   121 ||   221
  Use: Potion            |       |     1 ||     1
Armor: Scale mail        |    64 |    89 ||   153
Dodge: Dodged            |    34 |    62 ||    96
Block: Kite shield       |    56 |    99 ||   155

Table legend: (Time is in decaauts)
 A = Elapsed time spent in this place.
 B = Non-inter-level travel time spent in this place.
 C = Inter-level travel time spent in this place.
 D = Time resting spent in this place.
 E = Time spent auto-exploring this place.
 F = Levels seen in this place.
 G = Mean time per level.
                   A        B        C        D        E       F      G
               +--------+--------+--------+--------+--------+-----+--------+
         Total |   3814 |   3265 |    549 |   1201 |   1326 |   4 |  953.5 |
       Dungeon |   3522 |   2973 |    549 |   1201 |   1118 |   3 | 1174.0 |
         Sewer |    291 |    291 |      0 |      0 |    208 |   1 |  291.0 |
               +--------+--------+--------+--------+--------+-----+--------+

Top non-repeatable levels by time:
     D:1: 2089 daAuts
     D:2: 1174 daAuts
   Sewer: 291 daAuts
     D:3: 259 daAuts
